 Dungeon Crawl Stone Soup version 0.26-a0-652-gafc20e3620 (webtiles) character file.

Game seed: 4198645297434888515

541 rogsnak the Firebug (level 7, 0/48 HPs)
             Began as a Demonspawn Fire Elementalist on Oct 2, 2020.
             Was a Follower of Ru.
             Slain by a centaur (4 damage)
             ... on level 5 of the Dungeon.
             The game lasted 00:09:21 (4699 turns).

rogsnak the Firebug (Demonspawn Fire Elementalist)  Turns: 4699, Time: 00:09:22

Health: 0/48       AC:  6    Str:  9    XL:     7   Next: 5%
Magic:  1/12       EV: 12    Int: 18    God:    Ru [*.....]
Gold:   220        SH:  0    Dex: 13    Spells: 3/13 levels left

rFire    . . .     SeeInvis .   m - +0 dagger
rCold    . . .     Faith    .   (no shield)
rNeg     . . .     Spirit   .   a - +0 robe
rPois    .         Reflect  .   s - +1 helmet
rElec    .         Harm     .   (no cloak)
rCorr    +         Rampage  .   (no gloves)
MR       .....                  (no boots)
Stlth    ++........             (no amulet)
HPRegen  0.16/turn              l - ring of resist corrosion
MPRegen  0.13/turn              (no ring)

@: no status effects
A: hooves 1, iridescent scales 1, foul stench 1, powered by pain 1, rot
immunity, hated by all
a: Renounce Religion


You were on level 5 of the Dungeon.
You worshipped Ru.
Ru was aware of your devotion.
You visited 1 branch of the dungeon, and saw 5 of its levels.

You collected 220 gold pieces.

Inventory:

Hand Weapons
 i - a +0 club
 m - a +0 dagger (weapon)
Missiles
 d - 60 sling bullets
 g - 75 stones (quivered)
 k - 64 arrows
 u - 14 poisoned darts
Armour
 a - a +0 robe (worn)
 s - a +1 helmet (worn)
 x - a cursed +0 ring mail
Jewellery
 l - a ring of resist corrosion (left hand)
 p - an uncursed ring of wizardry
Wands
 n - a wand of iceblast (7)
 v - a wand of random effects (9)
Scrolls
 e - 2 scrolls of magic mapping {unknown}
 f - a scroll of remove curse {unknown}
 h - 2 scrolls of teleportation {unknown}
 j - 3 scrolls of identify {unknown}
 q - 2 scrolls of noise {unknown}
 w - a scroll of fear {unknown}
Potions
 b - a potion of lignification {unknown}
 c - a potion of might {unknown}
 o - 2 potions of magic {unknown}
 r - a potion of curing {unknown}
 t - a potion of ambrosia {unknown}


   Skills:
 + Level 1.5 Fighting
 - Level 0.1 Maces & Flails
 + Level 2.2 Dodging
 - Level 2.0 Stealth
 + Level 3.8 Spellcasting
 * Level 4.4 Conjurations
 + Level 4.4 Fire Magic


You had 3 spell levels left.
You knew the following spells:

 Your Spells              Type           Power        Failure   Level
a - Foxfire               Conj/Fire      ###.         2%          1
b - Sticky Flame          Conj/Fire      ###.....     24%         4
c - Fireball              Conj/Fire      ###.......   54%         5

Your spell library contained the following spells:

 Spells                   Type           Power        Failure   Level
 Conjure Flame            Conj/Fire      ###.....     7%          3
 Inner Flame              Hex/Fire       ##......     19%         3


Dungeon Overview and Level Annotations

Branches:
Dungeon (5/15)
 Temple: D:4-7

Altars:
Ashenzari
Nemelex Xobeh
Okawaru
Ru
Trog
Vehumet
The Shining One


Innate Abilities, Weirdness & Mutations

You have large cloven feet.
You are partially covered in iridescent scales. (AC +2)
You may emit foul miasma when damaged in melee.
You sometimes gain a little power by taking damage.
You are immune to rotting.
You are hated by all.


Message History

Casting: Foxfire (safe; 2% risk of failure)
Confirm with . or Enter, or press ? or * to list all spells.
You conjure some foxfire!
The foxfire hits the orc wizard but does no damage.
The orc wizard is almost dead.
The orc wizard hits you but does no damage.
The adder bites you.
* * * LOW HITPOINT WARNING * * *
The centaur misses you. The howler monkey barely misses you.
The orc priest looks braver for a moment.
Unknown command.
Casting: Foxfire (safe; 2% risk of failure)
Confirm with . or Enter, or press ? or * to list all spells.
Nothing appears to happen.
The foxfire hits the orc wizard but does no damage.
The orc wizard is almost dead.
The foxfire hits the orc wizard.
The orc wizard is almost dead.
The adder misses you. The centaur hits you.
You die...

#######
#####.......
...>.......
#.#........
####S#h####
#...c@....#
#...oo....#
#...........#
#.....o..####
#..........
#........##.
#...o....+ #
#........#


You could see a centaur (sick), a howler monkey (sick), an orc priest, an orc
wizard, an adder (sick) and 2 orcs.

Vanquished Creatures
  Sigmund (D:2)
  A scorpion (D:4)
  A howler monkey (D:4)
  An orc priest (D:3)
  Terence (D:3)
  2 worker ants (D:4)
  Robin (D:2)
  3 gnolls (D:2)
  5 adders
  An ooze (D:1)
  4 worms
  2 dart slugs
  3 orcs (D:3)
  4 giant cockroaches
  11 goblins
  11 hobgoblins
  4 jackals (D:4)
  6 kobolds
  2 quokkas
  7 bats
  4 frilled lizards
  A quokka skeleton (D:4)
  6 rats
82 creatures vanquished.

Vanquished Creatures (others)
  270 foxfires
270 creatures vanquished.

Grand Total: 352 creatures vanquished

Notes
Turn   | Place    | Note
-------+----------+-------------------------------------------
     0 | D:1      | rogsnak the Demonspawn Fire Elementalist began the quest
                  | for the Orb.
     0 | D:1      | Reached XP level 1. HP: 13/13 MP: 3/3
   355 | D:1      | Gained mutation: You have large cloven feet. [demonic
                  | ancestry]
   355 | D:1      | Reached XP level 2. HP: 19/19 MP: 1/5
   989 | D:2      | Noticed Robin
  1045 | D:2      | Gained mutation: You are immune to rotting. [demonic
                  | ancestry]
  1045 | D:2      | Reached XP level 3. HP: 14/24 MP: 0/6
  1448 | D:2      | Noticed Sigmund
  1883 | D:2      | Found a sacrificial altar of Ru.
  1883 | D:2      | Found a broken altar of Ashenzari.
  1902 | D:2      | Became a worshipper of Ru the Awakened
  2020 | D:2      | Reached XP level 4. HP: 30/30 MP: 3/7
  2024 | D:2      | Killed Sigmund
  2024 | D:2      | Gained mutation: You may emit foul miasma when damaged in
                  | melee. [demonic ancestry]
  2024 | D:2      | Reached XP level 5. HP: 24/36 MP: 0/9
  2161 | D:2      | Learned a level 4 spell: Sticky Flame
  2167 | D:2      | Learned a level 5 spell: Fireball
  2369 | D:2      | Killed Robin
  2382 | D:2      | Gained mutation: You are partially covered in iridescent
                  | scales. (AC +2) [demonic ancestry]
  2382 | D:2      | Reached XP level 6. HP: 42/42 MP: 1/11
  2670 | D:3      | Noticed Terence
  2680 | D:3      | Killed Terence
  2680 | D:3      | Reached skill level 1 in Fighting
  2772 | D:3      | Found an iron altar of Okawaru.
  2822 | D:3      | Found a radiant altar of Vehumet.
  2985 | D:3      | Found a bloodstained altar of Trog.
  3205 | D:3      | Found a glowing golden altar of the Shining One.
  3613 | D:4      | Gained mutation: You are hated by all. [Ru sacrifice]
  3613 | D:4      | Reached * piety under Ru
  3803 | D:4      | Found a sparkling altar of Nemelex Xobeh.
  4328 | D:4      | Gained mutation: You sometimes gain a little power by
                  | taking damage. [demonic ancestry]
  4328 | D:4      | Reached XP level 7. HP: 48/48 MP: 6/12
  4686 | D:5      | Entered Level 5 of the Dungeon
  4699 | D:5      | Slain by a centaur

Illustrated notes

Levels and vault maps discovered:
D:1:      sevenhm_arrival_forest_fort_small_3, layout_basic, serial_curves,
          eino_curves_02, eino_curves_04
D:2:      layout_basic, gammafunk_temple_overflow_pools, minmay_heptomino_d4,
          uniq_robin, uniq_sigmund
D:3:      layout_basic, lemuel_doored_altar, tso_metal_star,
          nicolae_overflow_crystal_walls, lemuel_round_altar, uniq_terence
D:4:      layout_loops_ring, nemelex_xobeh_ov_fountains_minmay,
          hangedman_decor_lopped
D:5:      minmay_razor_zed, layout_basic, elyvilon_altar_3, old_standard_altar

Skill      XL: |  1  2  3  4  5  6 |
---------------+-------------------+-----
Fire Magic     | 3 4 |  4.4
Dodging        | 2 |  2.2
Stealth        | 2 |  2.0
Spellcasting   | 3 |  3.8
Conjurations   | 3 4 |  4.4
Fighting       | 1 |  1.5
Maces & Flails | |  0.1

Action                   |  1- 3 |  4- 6 |  7- 9 || total
-------------------------+-------+-------+-------++-------
Melee: Unarmed           |     1 |       |       ||     1
       Club              |    10 |       |       ||    10
       Kick              |     6 |     9 |     1 ||    16
       Dagger            |     6 |    34 |     3 ||    43
 Cast: Foxfire           |    58 |    85 |    23 ||   166
       Sticky Flame      |       |     1 |       ||     1
Invok: Sacrifice Love    |       |     1 |       ||     1
Evoke: Wand              |       |     1 |       ||     1
Armor: Robe              |     6 |    11 |     6 ||    23
Dodge: Dodged            |    21 |    19 |    19 ||    59

Table legend: (Time is in decaauts)
 A = Elapsed time spent in this place.
 B = Non-inter-level travel time spent in this place.
 C = Inter-level travel time spent in this place.
 D = Time resting spent in this place.
 E = Time spent auto-exploring this place.
 F = Levels seen in this place.
 G = Mean time per level.
                   A        B        C        D        E       F      G
               +--------+--------+--------+--------+--------+-----+--------+
         Total |   4700 |   4579 |    121 |    555 |   3148 |   5 |  940.0 |
       Dungeon |   4700 |   4579 |    121 |    555 |   3148 |   5 |  940.0 |
               +--------+--------+--------+--------+--------+-----+--------+

Top non-repeatable levels by time:
     D:2: 1617 daAuts
     D:4: 1173 daAuts
     D:1: 1033 daAuts
     D:3: 863 daAuts
     D:5: 12 daAuts
